 Dungeon Crawl Stone Soup version 0.31-a0-833-gc15d34cb79 (webtiles) character file.

Game seed: 8704367819659398082

10822 TheScarfBastard the Cleaver (level 11, -1/99 HPs)
             Began as a Purple Draconian Berserker on Sept 25, 2023.
             Was a High Priest of Trog.
             Slain by a komodo dragon (23 damage)
             ... on level 11 of the Dungeon.
             The game lasted 00:32:09 (8709 turns).

TheScarfBastard the Cleaver (DrBe)                  Turns: 8709, Time: 00:32:10

Health: -1/99      AC: 10    Str: 21    XL:     11   Next: 41%
Magic:  11/11      EV: 14    Int:  8    God:    Trog [*****.]
Gold:   398        SH:  5    Dex: 11    Spells: 10/10 levels left

rFire   . . .        p - +2 war axe (venom)
rCold   + . .        M - +1 buckler
rNeg    + . .        (body armour unavailable)
rPois   +            (helmet restricted)
rElec   .            H - scarf {repulsion}
rCorr   .            d - +2 pair of gloves
SInv    .            (no boots)
Will    +....        j - amulet of regeneration
Stlth   ++           e - ring of protection from cold
HPRegen 1.16/turn    m - ring of positive energy
MPRegen 0.12/turn

%: repel missiles
@: marked
A: breathe power, AC +7, unfitting armour, cold-blooded, stinger 1, clumsy 1,
poison resistance
a: Breathe Dispelling Energy, Renounce Religion, Berserk, Trog's Hand, Brothers
in Arms


You were on level 11 of the Dungeon.
You worshipped Trog.
Trog was extremely pleased with you.
You visited 3 branches of the dungeon, and saw 13 of its levels.
You also visited: Bailey.

You collected 398 gold pieces.

Inventory:

Hand Weapons
 a - a +0 hand axe
 h - a +2 vampiric halberd
 p - a +2 war axe of venom (weapon)
 q - a +1 long sword of protection
 r - a +2 dagger of venom
 y - a +4 dire flail
 A - a +3 great sword
 J - the +4 quarterstaff "Botil" {flame, rPois rF++ Will+ Dex-3}
   (You found it on level 10 of the Dungeon)

   Dex-3:     It affects your dexterity (-3).
   rF++:      It greatly protects you from fire.
   rPois:     It protects you from poison Will+: It increases your willpower.
 N - a +4 spear of freezing
Missiles
 l - 6 throwing nets
Armour
 d - a +2 pair of gloves (worn)
 i - a +0 cloak
 B - the +18 Lear's hauberk
   (You found it on level 7 of the Dungeon)
 H - a scarf of repulsion (worn)
 M - a +1 buckler (worn)
 O - a +0 kite shield
Jewellery
 e - a ring of protection from cold (left hand)
 j - an amulet of regeneration (around neck)
 m - a ring of positive energy (right hand)
 Q - an amulet of reflection
 R - an amulet of faith
Talismans
 b - a serpent talisman
Wands
 t - a wand of flame (54)
 C - a wand of acid (6)
Scrolls
 v - a scroll of teleportation
 E - 3 scrolls of fog
 F - a scroll of fear
 G - a scroll of torment
 I - a scroll of poison
 K - a scroll of revelation
 L - a scroll of identify
 P - a scroll of enchant weapon
Potions
 c - 3 potions of might
 f - 5 potions of curing
 g - 2 potions of heal wounds
 k - a potion of berserk rage
 n - 2 potions of invisibility
 o - 2 potions of magic
 s - 2 potions of degeneration
 u - a potion of enlightenment
 x - a potion of cancellation
 z - a potion of haste
 D - 2 potions of resistance
Miscellaneous
 w - a phantom mirror


   Skills:
 + Level 9.7 Fighting
 + Level 2.6 Long Blades
 + Level 13.3 Axes
 + Level 7.8 Dodging
 + Level 4.1 Stealth
 + Level 1.3 Shields


You had 10 spell levels left.
You didn't know any spells.
Your spell library was empty.

Dungeon Overview and Level Annotations

Branches:
Dungeon (11/15)            Temple (1/1) D:6            Lair (0/5) D:10
    Orc (1/2) D:9          Bailey (visited)

Altars:
Ashenzari
Cheibriados
Dithmenos
Elyvilon
Fedhas
Gozag
Hepliaklqana
Kikubaaqudgha
Makhleb
Nemelex Xobeh
Okawaru
Qazlal
Ru
Sif Muna
Trog
Uskayaw
Vehumet
Wu Jian
Xom
Yredelemnul
Zin
The Shining One

Shops:
D:2 [   D:4 :   D:6 :


Innate Abilities, Weirdness & Mutations

You can breathe bolts of dispelling energy.
Your rich purple scales are hard. (AC +7)
You cannot fit into any form of body armour.
You are cold-blooded and may be slowed by cold attacks.
Your tail ends in a venomous barb.
You are clumsy. (Dex -2)
Your system is resistant to poisons. (rPois)


Message History

The puff of frost is repelled.
You barely miss the white imp.
The white imp grinds its teeth.
The white imp misses you.
You closely miss the white imp. The white imp misses you.
The white imp barely misses you.
You slash the white imp!
You kill the white imp!
Trog accepts your kill.
The centaur warrior simulacrum barely misses you.
The centaur warrior simulacrum kicks you.
The centaur warrior simulacrum freezes you!
You resist.
You hit the centaur warrior simulacrum.
The centaur warrior simulacrum is lightly damaged.
The centaur warrior simulacrum hits you but does no damage.
The centaur warrior simulacrum kicks you but does no damage.
The centaur warrior simulacrum closely misses you.
The centaur warrior simulacrum kicks you.
The centaur warrior simulacrum freezes you!
You resist.
You slice the centaur warrior simulacrum!!
You tail-slap the centaur warrior simulacrum!
The centaur warrior simulacrum is almost destroyed.
The centaur warrior simulacrum completely misses you.
You block the centaur warrior simulacrum's attack.
You hit the centaur warrior simulacrum.
The centaur warrior simulacrum vaporises!
Trog accepts your kill.
There is a stone staircase leading down here.
You feel yourself speed up.
A komodo dragon comes into view.
The komodo dragon hisses menacingly.
The komodo dragon bites you!! The komodo dragon bites you!!
You recover from your berserk rage.
The komodo dragon bites you!!
* * * LOW HITPOINT WARNING * * *
The komodo dragon bites you!!
You die...

###.# . #...# ###. #.#.###
#...##### #.#.# ........#
#.#.# .~^~....# #.#.#
.~~~~.≈.# #.#.#
.≈≈~~~~.####### #.#.#
.~~~~≈.....l@.###.#.###.##.
.~≈~≈~...####..............
~.~≈~.....#########....#...
~....~.......... .[...#
..........###### ##....#
###...#..## #.####
......#..# ... ......#...
### ......#....


You could see a komodo dragon.

Vanquished Creatures
  Harold (D:10)
  A two-headed ogre (D:9)
  A gargoyle (Bailey)
  Psyche (D:8)
  A polar bear (D:11)
  2 trolls
  2 centaur simulacra (D:11)
  A shadow (D:11)
  12 yaks
  A vampire (Bailey)
  7 humans (D:11)
  2 vampire mosquitoes (D:11)
  3 acid dragons
  3 wargs (D:9)
  A water moccasin (D:6)
  A sky beast (D:7)
  3 orc warriors
  2 black bears (D:6)
  3 ice beasts (D:11)
  3 ogres
  4 centaurs
  3 bullfrogs
  A gnoll sergeant (D:10)
  A scorpion (D:5)
  8 wights
  6 killer bees (D:9)
  7 vampire bats (Bailey)
  5 wolf zombies (Bailey)
  4 electric eels (D:11)
  3 jellies
  7 orc priests
  5 hounds
  3 iguanas (D:6)
  A gnoll bouda (D:8)
  4 sleepcaps
  7 orc wizards
  8 gnolls
  3 adders
  2 white imps (D:11)
  3 ufetubi
  5 dart slugs
  A worm (D:3)
  37 orcs
  3 ball pythons
  3 giant cockroaches
  6 goblins
  3 hobgoblins
  12 jackals
  4 quokkas
  2 bats (D:2)
  A frilled lizard (D:2)
  4 kobolds
  19 orc zombies (Bailey)
  2 rats (D:2)
238 creatures vanquished.

Notes
Turn   | Place    | Note
-------+----------+-------------------------------------------
     0 | D:1      | TheScarfBastard the Draconian Berserker began the quest for
                  | the Orb.
     0 | D:1      | Reached XP level 1. HP: 19/19 MP: 1/1
   192 | D:1      | Reached XP level 2. HP: 27/27 MP: 2/2
   208 | D:1      | You fall into a shaft and drop 1 floor!
   493 | D:2      | Found Ikufoe's Armour Emporium.
   837 | D:2      | Reached XP level 3. HP: 32/33 MP: 3/3
   895 | D:2      | Reached ** piety under Trog
  1719 | D:3      | Reached XP level 4. HP: 38/40 MP: 4/4
  1916 | D:4      | Reached skill level 4 in Axes
  2043 | D:4      | Found Gipem's Self-Published Books.
  2115 | D:4      | Found a glowing silver altar of Zin.
  2115 | D:4      | Found a snail-covered altar of Cheibriados.
  2359 | D:4      | Reached XP level 5. HP: 44/46 MP: 5/5
  2686 | D:5      | Entered Level 5 of the Dungeon
  2732 | D:5      | Reached skill level 1 in Long Blades
  2732 | D:5      | Reached skill level 1 in Stealth
  2884 | D:5      | Noticed an ogre
  2890 | D:5      | Killed an ogre
  2891 | D:5      | Reached XP level 6. HP: 53/53 MP: 6/6
  2941 | D:5      | Reached skill level 5 in Axes
  3145 | D:5      | Your scales start taking on a rich purple colour.
  3145 | D:5      | Reached XP level 7. HP: 40/60 MP: 7/7
  3357 | D:5      | Reached skill level 5 in Fighting
  3586 | D:6      | Found a staircase to the Ecumenical Temple.
  3601 | D:6      | Reached skill level 6 in Axes
  3603 | D:6      | Reached *** piety under Trog
  3725 | D:6      | Gained mutation: You have large cloven feet. [potion of
                  | mutation]
  3725 | D:6      | Gained mutation: Your spells are a little easier to cast,
                  | but a little less powerful. [potion of mutation]
  3726 | D:6      | Lost mutation: You have large cloven feet. [potion of
                  | mutation]
  3726 | D:6      | Lost mutation: Your spells are a little easier to cast, but
                  | a little less powerful. [potion of mutation]
  3726 | D:6      | Gained mutation: Your system is resistant to poisons.
                  | (rPois) [potion of mutation]
  3726 | D:6      | Gained mutation: You are clumsy. (Dex -2) [potion of
                  | mutation]
  3726 | D:6      | Gained mutation: Your tail ends in a venomous barb. [potion
                  | of mutation]
  4023 | D:6      | Reached XP level 8. HP: 69/69 MP: 8/8
  4097 | Temple   | Entered the Ecumenical Temple
  4139 | D:6      | Reached skill level 7 in Axes
  4139 | D:6      | Reached skill level 5 in Dodging
  4425 | D:6      | Found Luampub's Book Boutique.
  4573 | D:7      | Found a flagged portal.
  4584 | Bailey   | Entered a bailey
  4823 | Bailey   | Reached skill level 8 in Axes
  5113 | Bailey   | Identified the +3 ring mail of Sin {Contam rC+ Slay+2}
  5157 | Bailey   | Reached **** piety under Trog
  5158 | Bailey   | Reached XP level 9. HP: 66/78 MP: 9/9
  5366 | Bailey   | Noticed a gargoyle
  5382 | Bailey   | Killed a gargoyle
  5383 | Bailey   | Reached skill level 9 in Axes
  5915 | D:7      | Noticed a troll
  5926 | D:7      | Killed a troll
  5937 | D:7      | Found the +18 Lear's hauberk
  6333 | D:8      | Reached skill level 10 in Axes
  6386 | D:8      | Reached XP level 10. HP: 88/88 MP: 10/10
  6917 | D:9      | Noticed Psyche
  7100 | D:8      | Killed Psyche
  7312 | D:9      | Reached skill level 11 in Axes
  7482 | D:9      | Noticed a two-headed ogre
  7489 | D:9      | Killed a two-headed ogre
  7682 | D:9      | Found a staircase to the Orcish Mines.
  7883 | Orc:1    | Entered Level 1 of the Orcish Mines
  7883 | Orc:1    | Noticed an orc knight
  7883 | Orc:1    | Noticed an orc sorcerer
  7902 | D:10     | Entered Level 10 of the Dungeon
  7960 | D:10     | Identified the +4 quarterstaff "Botil" {flame, rPois rF++
                  | Will+ Dex-3}
  8021 | D:10     | Noticed Harold
  8037 | D:10     | Killed Harold
  8038 | D:10     | Reached skill level 12 in Axes
  8163 | D:10     | Found a staircase to the Lair.
  8251 | D:11     | Reached XP level 11. HP: 76/97 MP: 11/11
  8565 | D:11     | Reached ***** piety under Trog
  8572 | D:11     | Reached skill level 1 in Shields
  8574 | D:11     | Reached skill level 13 in Axes
  8709 | D:11     | Slain by a komodo dragon

Illustrated notes

Levels and vault maps discovered:
D:1:      heliophobic_arrival_dark_side_of_the_moon, layout_basic, serial_shops,
          shop_statue
D:2:      layout_basic, serial_shops, nicolae_shop_tiny_statue_garden
D:3:      layout_loops_ring, minivault_4
D:4:      minmay_spotlight, layout_loops_cross, gammafunk_temple_overflow_pools,
          nicolae_custom_books
D:5:      layout_basic
D:6:      layout_loops_cross, minmay_temple_entry_sparse_star, serial_shops,
          nicolae_book_shop_shelving, serial_bayou_crossing
D:7:      layout_rooms, enter_bailey_3, minmay_misc_feat_ornament,
          hellmonk_guarded_unrand_lears
D:8:      layout_cave_pods, corexii_leaking_fountain, nicolae_letterblocks
          [nicolae_letter_subblock, nicolae_letter_subblock,
          nicolae_letter_subblock, nicolae_letter_subblock,
          nicolae_letter_subblock, nicolae_letter_subblock,
          nicolae_letter_subblock, nicolae_letter_subblock,
          nicolae_letter_subblock, nicolae_letter_subblock,
          nicolae_letter_subblock, nicolae_letter_subblock,
          nicolae_letter_subblock, nicolae_letter_subblock,
          nicolae_letter_subblock, nicolae_letter_subblock,
          nicolae_letter_subblock, nicolae_letter_subblock,
          nicolae_letter_subblock, nicolae_letter_subblock,
          nicolae_letter_subblock, nicolae_letter_subblock,
          nicolae_letter_subblock, nicolae_letter_subblock,
          nicolae_letter_subblock]
D:9:      layout_cave_pools, minmay_orc_entry_guard_dogs, uniq_psyche
D:10:     layout_basic, lair_entry_dummy, chequers_avenue, blue_anna_alchemist,
          uniq_urug, uniq_harold
D:11:     erik_cavepeople, layout_loops_ring, serial_ice, serial_ice_m,
          serial_ice_b, serial_ice_e, serial_ice_i, serial_ice_c, serial_ice_h,
          serial_ice_o, serial_ice_f, serial_shops,
          nicolae_shop_advertising_works [nicolae_subvault_shop_adworks]
Temple:   nicolae_temple_slightly_damp_pantheon
Orc:1:    layout_caves, mines5_lemuel, uniq_nergalle

Skill      XL: |  1  2  3  4  5  6  7  8  9 10 11 |
---------------+----------------------------------+-----
Fighting       | 4 5 6 7 9 |  9.7
Dodging        | 3 4 5 6 7 |  7.8
Axes           | 4 5 6 8 10 12 13 | 13.3
Long Blades    | 1 2 |  2.6
Stealth        | 1 2 3 4 |  4.1
Shields        | 1 |  1.3

Action                     |  1- 3 |  4- 6 |  7- 9 | 10-12 || total
---------------------------+-------+-------+-------+-------++-------
  Melee: Hand axe          |   119 |       |       |       ||   119
         Tailslap          |    12 |    14 |    35 |    30 ||    91
         Punch             |     3 |     3 |     5 |     1 ||    12
         Long sword        |       |    33 |       |       ||    33
         War axe           |       |    50 |   261 |   178 ||   489
 Invoke: Berserk           |     2 |     2 |     7 |     9 ||    20
Ability: Breathe Dispellin |       |       |     8 |    11 ||    19
    Use: Scroll            |     7 |     6 |     7 |     7 ||    27
         Potion            |       |     3 |     2 |     1 ||     6
   Stab: Sleeping          |     1 |       |     4 |     1 ||     6
         Distracted        |       |       |     1 |       ||     1
 Armour: Skin              |    81 |    65 |   224 |   181 ||   551
  Dodge: Dodged            |    77 |    74 |   238 |   176 ||   565
         Repelled          |       |       |       |     4 ||     4
  Block: Buckler           |       |       |       |    37 ||    37

Table legend: (Time is in decaauts)
 A = Elapsed time spent in this place.
 B = Non-inter-level travel time spent in this place.
 C = Inter-level travel time spent in this place.
 D = Time resting spent in this place.
 E = Time spent auto-exploring this place.
 F = Levels seen in this place.
 G = Mean time per level.
                   A        B        C        D        E       F      G
               +--------+--------+--------+--------+--------+-----+--------+
         Total |   8951 |   8600 |    351 |      0 |   5317 |  14 |  639.4 |
       Dungeon |   7846 |   7521 |    325 |      0 |   4916 |  11 |  713.3 |
        Temple |     27 |      1 |     26 |      0 |      0 |   1 |   27.0 |
  Orcish Mines |      1 |      1 |      0 |      0 |      0 |   1 |    1.0 |
        Bailey |   1075 |   1075 |      0 |      0 |    401 |   1 | 1075.0 |
               +--------+--------+--------+--------+--------+-----+--------+

Top non-repeatable levels by time:
     D:8: 1084 daAuts
  Bailey: 1075 daAuts
     D:6: 980 daAuts
     D:4: 938 daAuts
     D:5: 924 daAuts
     D:2: 888 daAuts
     D:3: 698 daAuts
     D:9: 660 daAuts
     D:7: 613 daAuts
    D:11: 550 daAuts
    D:10: 296 daAuts
     D:1: 211 daAuts
  Temple: 27 daAuts
   Orc:1: 1 daAuts
